 Dungeon Crawl Stone Soup version 0.32-a0-918-g0f22ef8d61 (webtiles) character file.

Game seed: 3088838204319522447

3 javelincjr the Caller (level 1, -2/11 HPs)
             Began as an Octopode Summoner on Apr 10, 2024.
             Slain by a gnoll
             ... wielding a +1 spear of venom
              (9 damage)
             ... on level 1 of the Dungeon.
             The game lasted 00:01:07 (153 turns).

javelincjr the Caller (Octopode Summoner)            Turns: 153, Time: 00:01:08

Health: -2/11      AC:  1    Str:  7    XL:     1   Next: 50%
Magic:  0/3        EV: 12    Int: 17    God:
Gold:   30         SH:  0    Dex: 12    Spells: 3/4 levels left

rFire   . . .        d - +2 whip (pain)
rCold   . . .        (no shield)
rNeg    . . .        (helmet restricted)
rPois   .            (no amulet)
rElec   .            (no ring)
rCorr   .            (no ring)
SInv    .            (no ring)
Will    .....        (no ring)
Stlth   +++          (no ring)
HPRegen 0.21/turn    (no ring)
MPRegen 0.08/turn    (no ring)
                     (no ring)

%: no passive effects
@: lethally poisoned (-2 -> -8), very slightly contaminated
A: almost no armour, amphibious, 8 rings, camouflage 1, gelatinous body 1,
(nimble swimmer 1), tentacles
a: no special abilities


You were on level 1 of the Dungeon.
You visited 1 branch of the dungeon, and saw 1 of its levels.

You collected 30 gold pieces.

Inventory:

Hand Weapons
 c - a +0 dagger
 d - a +2 whip of pain (weapon)
Scrolls
 b - a scroll of fear {unknown}
 e - a scroll of fog {unknown}
Potions
 a - a potion of magic


   Skills:
 + Level 2.1 Dodging
 + Level 2.8 Stealth
 + Level 2.0 Spellcasting
 + Level 4.0 Summonings


You had 3 spell levels left.
You knew the following spells:

 Your Spells              Type           Power      Damage    Failure   Level
a - Summon Small Mammal   Summ           60%        N/A       3%          1

Your spell library contained the following spells:

 Spells                   Type           Power      Damage    Failure   Level
 Call Imp                 Summ           30%        N/A       5%          2
 Call Canine Familiar     Summ           15%        N/A       11%         3
 Summon Blazeheart Golem  Fire/Summ      8%         N/A       63%         4
 Summon Lightning Spire   Summ/Air       8%         N/A       63%         4


Dungeon Overview and Level Annotations

Branches:
Dungeon (1/15)

Altars:


Innate Abilities, Weirdness & Mutations

You cannot wear most types of armour.
You are amphibious.
You can wear up to eight rings at the same time.
Your skin changes colour to match your surroundings (Stealth+).
Your rubbery body absorbs attacks. (AC +1, EV +1)
((You are camouflaged when in or above water. (Stealth+)))
You have tentacles for arms and can constrict up to eight enemies at once.


Message History

Your bat's corpse disappears in a puff of smoke!
Your rat bites the kobold.
The kobold dies!
You swap places.
Found 12 gold pieces.
Items here: ( )) †.
d - a +2 whip of pain You have a feeling of ineptitude.
d - a +2 whip of pain (weapon)
There is a stone staircase leading down here.
You now have 12 gold pieces.
Your rat disappears in a puff of smoke!
Things that are here:
a stone; a +0 club; a goblin corpse
e - a scroll labelled ZOUCROPRIES You now have 30 gold pieces (gained 18).
A kobold and a gnoll come into view.
The kobold is wielding a +2 short sword of draining.
The gnoll is wielding a +1 spear of venom.
You see here a scroll labelled ZOUCROPRIES.
Your bat disappears in a puff of smoke!
Your rat misses the kobold.
You are out of magic!
Your rat barely misses the kobold.
The kobold hits your rat with a +2 short sword of draining.
Your rat dies!
Your rat's corpse disappears in a puff of smoke!
Your rat misses the kobold.
The kobold hits your rat with a +2 short sword of draining.
The kobold barely misses your rat.
Your rat misses the kobold.
Your rat closely misses the kobold.
Your rat bites the kobold but does no damage.
Found a potion of magic.
You miscast Summon Small Mammal.
You are very lightly contaminated with residual magic.
Nothing appears to happen.
The gnoll hits you from afar with a +1 spear of venom.
You are poisoned.
You feel sick.
The gnoll hits you with a +1 spear of venom!
Ouch! That really hurt!
You die...

##.............#.#
#..............#..
#..⌠......######
#.........#
#...><.∩..#
#.........# ##.
#..⌠......# #....
#.........######.....!
##..........g@...#
###......§§######
#.....##.##
..######.g.# #. #...#
#.rK# #.?.# #.=.#
#.....


You could see a gnoll.

Vanquished Creatures (collateral kills)
  A goblin (D:1)
  A kobold (D:1)
  A ball python (D:1)
3 creatures vanquished.

Notes
Turn   | Place    | Note
-------+----------+-------------------------------------------
     0 | D:1      | javelincjr the Octopode Summoner began the quest for the
                  | Orb.
     0 | D:1      | Reached XP level 1. HP: 11/11 MP: 3/3
   153 | D:1      | Slain by a gnoll

Illustrated notes

Levels and vault maps discovered:
D:1:      wander_arrival_desolate, layout_loops_cross

Action                     || total
---------------------------++-------
   Cast: Summon Small Mamm ||     9
 Armour: Skin              ||     3
  Dodge: Dodged            ||     1

Table legend: (Time is in decaauts)
 A = Elapsed time spent in this place.
 B = Non-inter-level travel time spent in this place.
 C = Inter-level travel time spent in this place.
 D = Time resting spent in this place.
 E = Time spent auto-exploring this place.
 F = Levels seen in this place.
 G = Mean time per level.
                   A        B        C        D        E       F      G
               +--------+--------+--------+--------+--------+-----+--------+
         Total |    152 |    152 |      0 |      0 |     90 |   1 |  152.0 |
       Dungeon |    152 |    152 |      0 |      0 |     90 |   1 |  152.0 |
               +--------+--------+--------+--------+--------+-----+--------+

Top non-repeatable levels by time:
     D:1: 152 daAuts
